 Dungeon Crawl Stone Soup version 0.29-a0-1014-ga8c0faee3b (webtiles) character file.

Game seed: 7530308811383630370

12196 Gargoyl the Spear-Bearer (level 11, -2/103 HPs)
             Began as a Gargoyle Berserker on Aug 9, 2022.
             Was a Priest of Trog.
             Slain by a death yak (9 damage)
             ... in an ice cave.
             The game lasted 00:13:51 (10295 turns).

Gargoyl the Spear-Bearer (Gargoyle Berserker)      Turns: 10295, Time: 00:13:51

Health: -2/103     AC: 26    Str: 23    XL:     11   Next: 89%
Magic:  11/11      EV: 12    Int:  8    God:    Trog [***...]
Gold:   346        SH:  5    Dex: 11    Spells: 10/10 levels left

rFire   . . .      SeeInvis .   y - +3 war axe (flame)
rCold   . . .      Faith    .   (no shield)
rNeg    + . .      Spirit   .   D - +0 swamp dragon scales
rPois   ∞          Reflect  +   (no helmet)
rElec   +          Harm     .   s - +1 cloak
rCorr   .          Rampage  .   h - +0 pair of gloves
Will    ++...                   r - +2 pair of boots
Stlth   ..........              l - amulet of reflection
HPRegen 1.27/turn               (no ring)
MPRegen 0.12/turn               (no ring)

@: berserking, strong-willed, regenerating, very quick
A: sickness immunity, AC +8, negative energy resistance 1, electricity
resistance, torment resistance 1, petrification resistance, iridescent scales 1,
sense surroundings 1, evolution 1
a: Renounce Religion, Berserk, Trog's Hand


You were in an ice cave.
You worshipped Trog.
Trog was most pleased with you.
You visited 2 branches of the dungeon, and saw 9 of its levels.
You also visited: Ice Cave.

You collected 530 gold pieces.
You spent 184 gold pieces at shops.

Inventory:

Hand Weapons
 a - a +4 hand axe
 f - a +3 hand axe
 o - a +1 whip of venom
 x - the +7 spear of Goudghac {protect, rCorr}
   (You found it on level 4 of the Dungeon)

   It grants its wielder temporary protection when it strikes (+7 to AC).
   rCorr:     It protects you from acid and corrosion.
 y - a +3 war axe of flaming (weapon)
Missiles
 e - 31 poisoned darts (quivered)
 k - 3 throwing nets
Armour
 h - a +0 pair of gloves (worn)
 r - a +2 pair of boots (worn)
 s - a +1 cloak (worn)
 D - +0 swamp dragon scales (worn)
Jewellery
 l - an amulet of reflection (around neck)
 u - a ring of flight
Wands
 i - a wand of polymorph (8)
 t - a wand of digging (4)
 E - a wand of paralysis (4)
Scrolls
 c - a scroll of blinking
 d - 3 scrolls of teleportation
 g - 2 scrolls of identify
 w - a scroll of fear
Potions
 b - a potion of mutation
 j - a potion of might
 m - 3 potions of heal wounds {unknown}
 n - 2 potions of magic {unknown}
 p - 4 potions of curing {unknown}
 q - a potion of brilliance {unknown}
 v - 3 potions of lignification {unknown}
 z - a potion of invisibility {unknown}
 A - a potion of flight {unknown}
 B - a potion of haste
 C - 2 potions of resistance


   Skills:
 + Level 8.7 Fighting
 + Level 6.3(9.3) Axes
 + Level 3.5(5.7) Maces & Flails
 + Level 10.0(10.8) Polearms
 + Level 1.7 Throwing
 + Level 7.7 Armour
 + Level 5.4 Dodging
 + Level 3.3 Stealth
 + Level 5.1 Shields


You had 10 spell levels left.
You didn't know any spells.
Your spell library was empty.

Dungeon Overview and Level Annotations

Branches:
Dungeon (8/15)             Temple (0/1) D:4            Lair (1/5) D:8
  IceCv (1/1)

Altars:
Cheibriados
Elyvilon
Hepliaklqana
Vehumet
Xom
Zin

Shops:
D:1 [*[!   D:4 (   D:6 ?


Innate Abilities, Weirdness & Mutations

You are immune to sickness and miasma.
Your stone body is resilient. (AC +8)
You are immune to poison.
You resist negative energy. (rN+)
You are resistant to electric shocks. (rElec)
You are resistant to unholy torment.
You are immune to petrification.
You are partially covered in iridescent scales. (AC +2)
You passively map a small area around you.
You have hidden genetic potential.


Message History

You hit the yak. You burn the yak. You closely miss the yak.
The death yak gores you. The yak gores you but does no damage.
The yak gores you!
You hit the death yak. You burn the death yak.
The death yak is moderately wounded.
You hit the yak. You burn the yak. You closely miss the yak.
The death yak gores you!!
* * * LOW HITPOINT WARNING * * *
The yak barely misses you. x2
Unknown command.
You slash the death yak! You burn the death yak.
The death yak is moderately wounded.
You hit the yak. You burn the yak. You hit the yak but do no damage.
The death yak closely misses you. You block the yak's attack.
The yak gores you but does no damage.
You slash the death yak! You burn the death yak.
The death yak is heavily wounded.
You barely miss the yak. You hit the yak. You burn the yak.
The death yak completely misses you.
The yak snorts and paws the ground.
A rime drake comes into view.
The yak misses you.
A red film seems to cover your vision as you go berserk!
You feel yourself moving faster!
You feel mighty! The yak gores you!
* * * LOW HITPOINT WARNING * * *
You slash the yak! You burn the yak.
The yak is severely wounded.
You hit the death yak. You burn the death yak. You slash the yak!
You burn the yak. You slash the death yak! You burn the death yak.
Unknown command.
You slash the yak! You burn the yak.
The yak is almost dead.
You slash the yak! You burn the yak.
You kill the yak!
Trog accepts your kill.
You slash the death yak! You burn the death yak. You slash the death yak!
You burn the death yak. The death yak gores you!!
* * * LOW HITPOINT WARNING * * *
The death yak gores you!
You die...

.###...##
.##.....##
..
.##......##
.#*
#.....##..#
#k#
......###÷##
.. .....##
#..# ##.#
.....# ##.#
#Y.# ....##
#..## ##YY#
....# ##..#
#Y@# #..##
#..###††#
####
#..##..##
##..#..#
##...##
##..# ####


You could see 2 death yaks, 2 yaks and a rime drake.

Vanquished Creatures
  3 death yaks (IceCv)
  The ghost of dricus the Basher, a novice GrFi of Okawaru (D:7)
  An ice statue (IceCv)
  The ghost of fly the Slasher, a novice DgDe (D:6)
  A komodo dragon (Lair:1)
  2 cane toads (Lair:1)
  A kobold demonologist (D:7)
  A rime drake (IceCv)
  Maggie (D:7)
  A polar bear (IceCv)
  A hornet (D:7)
  7 yaks
  2 steam dragons (D:6)
  Menkaure (D:7)
  A water moccasin (D:8)
  7 ogres
  3 black bears
  An orc warrior (D:6)
  2 ice beasts
  3 centaurs
  5 wolves (IceCv)
  10 kobold brigands
  3 bullfrogs
  A necrophage (D:7)
  A cane toad simulacrum (Lair:1)
  2 scorpions
  18 wights
  An elephant simulacrum (Lair:1)
  6 howler monkeys
  A jelly (D:6)
  Crazy Yiuf (D:2)
  6 hounds
  2 iguanas
  Jessica (D:2)
  2 orc wizards (D:6)
  Terence (D:2)
  A wolf simulacrum (Lair:1)
  4 gnolls
  3 adders
  2 shadow imps
  A white imp (D:5)
  An ufetubus (D:5)
  3 dart slugs
  2 worms
  3 orcs
  5 endoplasms
  3 giant cockroaches
  9 goblins
  12 hobgoblins
  16 kobolds
  3 quokkas
  9 ball pythons
  5 bats
  4 frilled lizards
  5 rats
193 creatures vanquished.

Vanquished Creatures (collateral kills)
  A death yak (IceCv)
  A rime drake (IceCv)
  2 polar bears (IceCv)
  A yak (IceCv)
5 creatures vanquished.

Vanquished Creatures (others)
  3 fungi
  5 plants
8 creatures vanquished.

Grand Total: 206 creatures vanquished

Notes
Turn   | Place    | Note
-------+----------+-------------------------------------------
     0 | D:1      | Gargoyl the Gargoyle Berserker began the quest for the Orb.
     0 | D:1      | Reached XP level 1. HP: 14/14 MP: 1/1
   156 | D:1      | Reached XP level 2. HP: 9/19 MP: 2/2
   318 | D:1      | Found Filephic's Assorted Antiques.
   405 | D:1      | Found a faded altar of an unknown god.
   465 | D:1      | Found Jaygh's Antique Armour Shoppe.
   472 | D:1      | Bought a pair of gloves for 72 gold pieces
   743 | D:1      | Reached XP level 3. HP: 24/24 MP: 3/3
   865 | D:1      | Found Niujips's Armour Boutique.
   983 | D:1      | Reached ** piety under Trog
  1051 | D:1      | Found Nofupaz's Distillery.
  1416 | D:2      | Noticed Jessica
  1416 | D:2      | Noticed Terence
  1422 | D:2      | Killed Jessica
  1423 | D:2      | Reached XP level 4. HP: 29/29 MP: 4/4
  1432 | D:2      | Killed Terence
  2023 | D:1      | Reached XP level 5. HP: 31/33 MP: 5/5
  2283 | D:2      | Found a runed translucent door.
  2284 | D:2      | Noticed Crazy Yiuf
  2685 | D:2      | Killed Crazy Yiuf
  2686 | D:2      | Reached skill level 1 in Maces & Flails
  3470 | D:4      | Found a staircase to the Ecumenical Temple.
  3590 | D:4      | Found a glowing silver altar of Zin.
  3605 | D:4      | Reached XP level 6. HP: 35/39 MP: 6/6
  3605 | D:4      | Reached *** piety under Trog
  3638 | D:4      | Noticed an ice beast
  3649 | D:4      | Killed an ice beast
  3674 | D:4      | Found a snail-covered altar of Cheibriados.
  3971 | D:4      | Identified the +7 spear of Goudghac {protect, rCorr}
  3984 | D:4      | Found Ickucode's Antique Weapon Shop.
  4227 | D:4      | Reached XP level 7. HP: 33/44 MP: 7/7
  4449 | D:5      | Entered Level 5 of the Dungeon
  4505 | D:5      | Reached skill level 5 in Armour
  4509 | D:5      | Reached skill level 1 in Polearms
  4600 | D:5      | Found a hazy altar of Hepliaklqana.
  4654 | D:5      | Reached skill level 5 in Fighting
  4773 | D:5      | Reached skill level 2 in Polearms
  4773 | D:5      | Reached XP level 8. HP: 49/49 MP: 8/8
  4847 | D:5      | Reached skill level 1 in Shields
  4852 | D:5      | Reached skill level 3 in Polearms
  5621 | D:6      | Reached skill level 4 in Polearms
  5877 | D:6      | Found a transporter.
  5877 | D:6      | Noticed fly's ghost (novice DgDe)
  6067 | D:6      | Reached skill level 5 in Polearms
  6067 | D:6      | Reached XP level 9. HP: 54/54 MP: 9/9
  6083 | D:6      | Found a radiant altar of Vehumet.
  6347 | D:6      | Found a transporter.
  6354 | D:6      | Found the +6 shillelagh "Devastator" {shatter}
  6390 | D:6      | Reached skill level 6 in Polearms
  6570 | D:6      | Found Jaxt's Magic Scroll Boutique.
  6575 | D:6      | Bought a scroll of enchant weapon for 112 gold pieces
  6711 | D:6      | Reached skill level 1 in Stealth
  6841 | D:6      | Killed fly's ghost
  6878 | D:6      | Reached skill level 7 in Polearms
  7035 | D:7      | Found a white marble altar of Elyvilon.
  7035 | D:7      | Noticed a hornet
  7058 | D:7      | Killed a hornet
  7189 | D:7      | Found a runed translucent gate.
  7189 | D:7      | Found a runed translucent gate.
  7189 | D:7      | Found a runed translucent gate.
  7190 | D:7      | Noticed a kobold demonologist
  7195 | D:7      | Noticed dricus's ghost (novice GrFi)
  7226 | D:7      | Noticed Maggie
  7253 | D:7      | Killed Maggie
  7254 | D:7      | Reached skill level 8 in Polearms
  7254 | D:7      | Reached XP level 10. HP: 53/61 MP: 10/10
  7554 | D:7      | Found a shimmering altar of Xom.
  7573 | D:7      | Noticed Menkaure
  7580 | D:7      | Killed Menkaure
  8012 | D:7      | Noticed a rust devil
  8040 | D:7      | Killed dricus's ghost
  8055 | D:7      | Noticed a smoke demon
  8058 | D:7      | Noticed a sun demon
  8071 | D:7      | Killed a kobold demonologist
  8072 | D:7      | Reached skill level 1 in Throwing
  8079 | D:7      | Reached skill level 9 in Polearms
  8084 | D:7      | Reached **** piety under Trog
  8098 | D:7      | Paralysed by a kobold brigand for 5 turns
  8118 | D:7      | Paralysed by a kobold brigand for 4 turns
  8931 | D:8      | Found a staircase to the Lair.
  9026 | Lair:1   | Entered Level 1 of the Lair of Beasts
  9085 | Lair:1   | Noticed a cane toad
  9109 | Lair:1   | Killed a cane toad
  9110 | Lair:1   | Reached XP level 11. HP: 35/68 MP: 11/11
  9327 | Lair:1   | Found a frozen archway.
  9454 | IceCv    | Entered an ice cave
  9489 | IceCv    | Noticed a death yak
  9505 | IceCv    | Killed a death yak
  9508 | IceCv    | Reached skill level 10 in Polearms
  9511 | IceCv    | Reached skill level 5 in Dodging
  9514 | IceCv    | Reached skill level 5 in Axes
  9641 | IceCv    | Noticed a death yak
  9643 | IceCv    | Noticed a death yak
  9653 | IceCv    | Killed a death yak
  9654 | IceCv    | Reached skill level 5 in Shields
  9659 | IceCv    | Killed a death yak
  9671 | IceCv    | Gained mutation: You passively map a small area around you.
                  | [potion of mutation]
  9671 | IceCv    | Gained mutation: You are partially covered in iridescent
                  | scales. (AC +2) [potion of mutation]
  9671 | IceCv    | Gained mutation: You have hidden genetic potential. [potion
                  | of mutation]
  9940 | IceCv    | Noticed a death yak
  9959 | IceCv    | Killed a death yak
 10279 | IceCv    | Noticed a death yak
 10286 | IceCv    | Noticed a death yak
 10295 | IceCv    | Slain by a death yak

Illustrated notes

Levels and vault maps discovered:
D:1:      amcnicky_arrival_choice, layout_basic, serial_shops, shop_coins, shop,
          nicolae_shop_overgrown_old_shop, nicolae_lakefront_shop,
          shapermc_ecumenical_altar_ellora, minmay_tromino_v2
D:2:      layout_loops_ring, kennysheep_small_spiral, uniq_jessica,
          uniq_crazy_yiuf_cottage, uniq_terence
D:3:      layout_basic
D:4:      layout_loops_ring, overflow_temple_1_default, zin_academy,
          minmay_temple_entry_tees, serial_shops, shop, corner_web_ring,
          cheibrodos_gnoll_hut
D:5:      layout_basic, nicolae_overflow_crystal_walls
D:6:      layout_loops_corners, vehumet_crystals, serial_shops, shop_fountains,
          gammafunk_ghost_arena, dilly_guarded_unrand_devastator
D:7:      layout_basic, elyvilon_altar_1, xom_butterflies,
          gammafunk_ghost_nasty_kobolds, uniq_maggie, uniq_menkaure
D:8:      layout_gridville, lair_entry_dummy
Lair:1:   layout_chaotic_city, portal_ice_cave_entry_ice_simulacra,
          grunt_megastairs_2
IceCv:    ice_cave_small_giant

Skill      XL: |  1  2  3  4  5  6  7  8  9 10 11 |
---------------+----------------------------------+-----
Axes           | 3 4 6 |  6.3
Armour         | 3 4 5 6 7 |  7.7
Fighting       | 4 5 6 7 8 |  8.7
Maces & Flails | 1 2 3 |  3.5
Polearms       | 2 5 8 9 10 | 10.0
Dodging        | 2 3 4 5 |  5.4
Shields        | 1 2 4 5 |  5.1
Stealth        | 1 2 3 |  3.3
Throwing       | 1 |  1.7

Action                   |  1- 3 |  4- 6 |  7- 9 | 10-12 || total
-------------------------+-------+-------+-------+-------++-------
Melee: Hand axe          |    91 |       |       |       ||    91
       Whip              |    13 |   143 |       |       ||   156
       Punch             |       |     2 |     6 |     6 ||    14
       Spear             |       |    17 |   281 |   320 ||   618
       War axe           |       |       |       |    71 ||    71
Throw: Dart              |       |       |     5 |     9 ||    14
Invok: Trog's Hand       |       |       |     5 |     8 ||    13
       Berserk           |       |       |     2 |     4 ||     6
       Brothers in Arms  |       |       |       |     1 ||     1
  Use: Scroll            |       |     9 |    11 |     3 ||    23
       Potion            |       |       |     1 |     2 ||     3
 Stab: Distracted        |       |       |       |     1 ||     1
       Sleeping          |       |       |       |     1 ||     1
Armor: Plate armour      |    75 |   110 |    79 |       ||   264
       Steam dragon scal |       |       |    84 |       ||    84
       Swamp dragon scal |       |       |       |   197 ||   197
Dodge: Dodged            |    41 |    55 |   114 |   180 ||   390
Block: Other             |       |     8 |    44 |    81 ||   133
       Reflection        |       |       |     2 |     1 ||     3

Table legend: (Time is in decaauts)
 A = Elapsed time spent in this place.
 B = Non-inter-level travel time spent in this place.
 C = Inter-level travel time spent in this place.
 D = Time resting spent in this place.
 E = Time spent auto-exploring this place.
 F = Levels seen in this place.
 G = Mean time per level.
                   A        B        C        D        E       F      G
               +--------+--------+--------+--------+--------+-----+--------+
         Total |  10183 |   9910 |    273 |    767 |   7041 |  10 | 1018.3 |
       Dungeon |   8921 |   8648 |    273 |    458 |   6414 |   8 | 1115.1 |
          Lair |    397 |    397 |      0 |      0 |    223 |   1 |  397.0 |
      Ice Cave |    864 |    864 |      0 |    309 |    403 |   1 |  864.0 |
               +--------+--------+--------+--------+--------+-----+--------+

Top non-repeatable levels by time:
     D:1: 1786 daAuts
     D:6: 1441 daAuts
     D:7: 1181 daAuts
     D:2: 1155 daAuts
     D:5: 1096 daAuts
     D:4: 989 daAuts
   IceCv: 864 daAuts
     D:8: 745 daAuts
     D:3: 524 daAuts
  Lair:1: 397 daAuts
